 Dungeon Crawl Stone Soup version 0.30-a0-964-gd452b5e7fa (webtiles) character file.

Game seed: 11166780528765304641

633 pokeman the Magician (level 7, -1/38 HPs)
             Began as a Deep Elf Hedge Wizard on Mar 30, 2023.
             Killed from afar by a white imp (11 damage)
             ... with a puff of frost
             ... on level 4 of the Dungeon.
             The game lasted 00:08:15 (4358 turns).

pokeman the Magician (Deep Elf Hedge Wizard)        Turns: 4358, Time: 00:08:16

Health: -1/38      AC:  4    Str:  7    XL:     7   Next: 24%
Magic:  14/19      EV: 18    Int: 21    God:
Gold:   174        SH:  0    Dex: 14    Spells: 7/20 levels left

rFire   . . .      SeeInvis .    c - +2 dagger (holy)
rCold   . . .      Faith    .    (no shield)
rNeg    . . .      Spirit   .    b - +0 robe
rPois   .          Reflect  .    z - +0 helmet
rElec   .          Rampage  .    (no cloak)
rCorr   .                        p - +0 pair of gloves
Will    .....                    (no boots)
Stlth   ++                       (no amulet)
HPRegen 0.26/turn                e - +5 ring of evasion
MPRegen 0.16/turn                f - ring of flight

@: flying
A: no striking features
a: no special abilities


You were on level 4 of the Dungeon.
You visited 1 branch of the dungeon, and saw 4 of its levels.

You collected 174 gold pieces.

Inventory:

Hand Weapons
 c - a +2 dagger of holy wrath (weapon)
Armour
 b - a +0 robe (worn)
 p - a +0 pair of gloves (worn)
 z - a +0 helmet (worn)
Jewellery
 e - a +5 ring of evasion (left hand)
 f - a ring of flight (right hand)
 t - a ring of ice
Wands
 k - a wand of quicksilver (17)
 u - a wand of polymorph (7)
Scrolls
 a - a scroll of noise {unknown}
 g - a scroll of fear {unknown}
 h - a scroll of immolation {unknown}
 i - 3 scrolls of identify {unknown}
 l - 2 scrolls of amnesia {unknown}
 q - a scroll of blinking {unknown}
 r - a scroll of vulnerability {unknown}
 s - a scroll of enchant armour {unknown}
 w - 2 scrolls of acquirement {unknown}
 y - a scroll of magic mapping {unknown}
Potions
 d - a potion of magic
 j - a potion of berserk rage {unknown}
 m - a potion of flight {unknown}
 n - a potion of resistance {unknown}
 o - 2 potions of heal wounds {unknown}
 v - a potion of brilliance {unknown}
 x - a potion of degeneration {unknown}


   Skills:
 + Level 1.6 Fighting
 - Level 1.0 Armour
 - Level 3.0 Dodging
 - Level 3.0 Stealth
 * Level 7.3 Spellcasting
 + Level 4.9 Conjurations
 - Level 2.1 Summonings
 - Level 1.1 Translocations
 + Level 0.0 Fire Magic
 - Level 1.1 Air Magic
 - Level 1.1 Poison Magic
 - Level 1.1 Evocations


You had 7 spell levels left.
You knew the following spells:

 Your Spells              Type           Power      Damage    Failure   Level
a - Magic Dart            Conj           100%       1d8       1%          1
b - Mephitic Cloud        Conj/Pois/Air  17%        N/A       10%         3
c - Call Imp              Summ           16%        N/A       5%          2
d - Blink                 Tloc           24%        N/A       9%          2
e - Plasma Beam           Fire/Air       5%         2x1d11    88%         5

Your spell library contained the following spells:

 Spells                   Type           Power      Damage    Failure   Level
 Static Discharge         Conj/Air       40%        2-4/arc   3%          2
 Slow                     Hex            28%        N/A       9%          1
 Poisonous Vapours        Pois/Air       24%        N/A       9%          2
 Cigotuvi's Dreadful Rot  Necr/Pois/Air  20%        N/A       10%         2
 Vhi's Electric Charge    Tloc/Air       24%        N/A       16%         3
 Arcjolt                  Conj/Air       10%        1d20      56%         5
 Petrify                  Tmut/Erth      7%         N/A       65%         4
 Alistair's Intoxication  Tmut/Pois      6%         N/A       88%         5
 Borgnjor's Vile Clutch   Necr/Erth      3%         N/A       94%         5
 Metabolic Englaciation   Hex/Ice        3%         N/A       94%         5
 Eringya's Noxious Bog    Tmut/Pois      5%         N/A       100%        6
 Statue Form              Tmut/Erth      4%         N/A       100%        6


Dungeon Overview and Level Annotations

Branches:
Dungeon (4/15)
 Temple: D:4-7

Altars:


Message History

You puncture the black bear!
You kill the black bear!
Your Summonings skill increases to level 2!
Unknown command.
Unknown command.
Found a sling.
You see here a ball python corpse.
Found 10 gold pieces.
Found a robe and a brown potion.
Found 2 blue potions.
You hear the slow hiss of a very distant avalanche of sand.
Found a stone staircase leading down.
There is a stone staircase leading down here. 2 white imps come into view.
Found a scroll labelled RENWEI TIPTAXT.
The white imp shouts!
The white imp shouts!
Found a short sword.
The white imp gestures at you. The puff of frost misses you.
The white imp hits the demonic plant.
The demonic plant begins to die.
The white imp freezes the demonic plant.
The white imp gestures at you. The puff of frost hits you.
The white imp hits the demonic plant.
The white imp freezes the demonic plant.
Casting: Mephitic Cloud (dangerous; 10% risk of failure)
Confirm with . or Enter, or press ? or * to list all spells.
A beastly little devil appears in a puff of flame.
A white imp comes into view.
A nearby demonic plant withers and dies.
Your crimson imp blinks!
The white imp gestures at you. The puff of frost hits you!
The white imp shouts!
You hear a shout!
You hear an angry hiss.
The white imp gestures at you. The puff of frost hits you!
* * * LOW HITPOINT WARNING * * *
The white imp gestures at you. The puff of frost hits you!
You die...

... # #.. ...5 #...
#)#. .# # ...###.#
... #..##.#
#...####.##.#
#....@..##.##### #
#..####.....#..P♣P♣
##......#.§§§
###555..?P§. ##
##.......P #..
#.##..... #...
#.####.#.
#....##.#.# .
..........#


You could see 2 white imps and a friendly crimson imp (summoned).

Vanquished Creatures
  Sigmund (D:3)
  A black bear (D:4)
  2 scorpions
  A hound (D:3)
  Jessica (D:3)
  3 orc wizards (D:3)
  An adder (D:3)
  An ufetubus (D:4)
  2 worms (D:3)
  11 dart slugs
  9 orcs (D:3)
  9 ball pythons
  5 bats
  3 endoplasms
  2 giant cockroaches
  14 goblins
  9 hobgoblins
  A kobold (D:3)
  2 quokkas (D:2)
  11 frilled lizards
  3 rats
92 creatures vanquished.

Vanquished Creatures (collateral kills)
  Robin (D:3)
  An orc (D:3)
  2 goblins (D:3)
  A ball python (D:3)
5 creatures vanquished.

Vanquished Creatures (others)
  3 demonic plants (D:4)
  6 plants (D:1)
9 creatures vanquished.

Grand Total: 106 creatures vanquished

Notes
Turn   | Place    | Note
-------+----------+-------------------------------------------
     0 | D:1      | pokeman the Deep Elf Hedge Wizard began the quest for the
                  | Orb.
     0 | D:1      | Reached XP level 1. HP: 10/10 MP: 7/7
   193 | D:1      | Reached XP level 2. HP: 16/16 MP: 2/9
  1061 | D:2      | Reached skill level 5 in Spellcasting
  1271 | D:2      | Reached XP level 3. HP: 20/20 MP: 4/11
  1275 | D:2      | Learned a level 3 spell: Mephitic Cloud
  1278 | D:2      | Learned a level 2 spell: Call Imp
  1281 | D:2      | Learned a level 2 spell: Blink
  1772 | D:2      | Reached skill level 1 in Fighting
  1846 | D:2      | Found a faded altar of an unknown god.
  1878 | D:2      | Reached skill level 1 in Armour
  2448 | D:3      | Reached XP level 4. HP: 25/25 MP: 4/13
  3283 | D:3      | Reached skill level 6 in Spellcasting
  3283 | D:3      | Reached XP level 5. HP: 29/29 MP: 4/15
  3383 | D:3      | Noticed Jessica
  3386 | D:3      | Killed Jessica
  3590 | D:3      | Reached skill level 1 in Air Magic
  3590 | D:3      | Reached skill level 1 in Poison Magic
  3601 | D:3      | Reached skill level 1 in Evocations
  3624 | D:3      | Reached XP level 6. HP: 23/34 MP: 1/17
  3806 | D:3      | Noticed Sigmund
  3839 | D:3      | Killed Sigmund
  3933 | D:3      | Learned a level 5 spell: Plasma Beam
  4016 | D:3      | Noticed Robin
  4044 | D:3      | Killed Robin
  4293 | D:4      | Reached skill level 7 in Spellcasting
  4293 | D:4      | Reached XP level 7. HP: 32/38 MP: 10/19
  4358 | D:4      | Killed from afar by a white imp

Illustrated notes

Levels and vault maps discovered:
D:1:      dpeg_arrival_lava_temple_mockup, layout_basic, minmay_lizard_king
D:2:      layout_basic, ebering_ecumenical_altar_rust, minmay_bisected
D:3:      kennysheep_slugbush, layout_loops_ring, uniq_robin, uniq_sigmund,
          uniq_jessica
D:4:      layout_rooms, minmay_temple_entry_enclosed_plants, enter_ossuary_2,
          serial_demonic, serial_demonic_a, serial_demonic_g, serial_demonic_b,
          serial_demonic_b

Skill      XL: |  1  2  3  4  5  6  7 |
---------------+----------------------+-----
Spellcasting   | 5 6 7 |  7.3
Fighting       | 1 |  1.6
Armour         | 1 |  1.0
Conjurations   | 2 4 |  4.9
Stealth        | 3 |  3.0
Dodging        | 3 |  3.0
Air Magic      | 1 |  1.1
Poison Magic   | 1 |  1.1
Evocations     | 1 |  1.1
Summonings     | 2 |  2.1
Translocations | |  1.1

Action                     |  1- 3 |  4- 6 |  7- 9 || total
---------------------------+-------+-------+-------++-------
  Melee: Dagger            |    27 |    45 |     8 ||    80
         Punch             |     1 |     1 |       ||     2
   Cast: Magic Dart        |   112 |   126 |     2 ||   240
         Mephitic Cloud    |       |     6 |     1 ||     7
         Call Imp          |       |     3 |     1 ||     4
         Blink             |       |     1 |       ||     1
   Stab: Confused          |       |     3 |     2 ||     5
 Armour: Robe              |     2 |    20 |     1 ||    23
  Dodge: Dodged            |    60 |    54 |     7 ||   121

Table legend: (Time is in decaauts)
 A = Elapsed time spent in this place.
 B = Non-inter-level travel time spent in this place.
 C = Inter-level travel time spent in this place.
 D = Time resting spent in this place.
 E = Time spent auto-exploring this place.
 F = Levels seen in this place.
 G = Mean time per level.
                   A        B        C        D        E       F      G
               +--------+--------+--------+--------+--------+-----+--------+
         Total |   4359 |   4255 |    104 |    325 |   3243 |   4 | 1089.8 |
       Dungeon |   4359 |   4255 |    104 |    325 |   3243 |   4 | 1089.8 |
               +--------+--------+--------+--------+--------+-----+--------+

Top non-repeatable levels by time:
     D:3: 1885 daAuts
     D:2: 1419 daAuts
     D:1: 980 daAuts
     D:4: 74 daAuts
